 Dungeon Crawl Stone Soup version 0.23-a0-625-g1d2cd9b (webtiles) character file.

7 Matador8 the Sneak (level 1, -3/13 HPs)
             Began as a Vampire Enchanter on Dec 24, 2018.
             Slain by a hobgoblin
             ... wielding a +0 club
              (6 damage)
             ... on level 1 of the Dungeon.
             The game lasted 00:02:57 (574 turns).

Matador8 the Sneak (Vampire Enchanter)               Turns: 574, Time: 00:02:58

Health: -3/13      AC:  2    Str:  7    XL:     1   Next: 91%
Magic:  2/3        EV: 12    Int: 17    God:
Gold:   49         SH:  0    Dex: 14    Spells: 3/4 levels left

rFire    . . .     SeeInvis +   a - +1 dagger
rCold    . . .     Gourm    .   (no shield)
rNeg     + . .     Faith    .   b - +0 robe
rPois    .         Spirit   .   (no helmet)
rElec    .         Reflect  .   (no cloak)
rCorr    .         Harm     .   (no gloves)
MR       .....                  (no boots)
Stlth    +++.......             (no amulet)
HPRegen  0.04/turn              (no ring)
MPRegen  0.08/turn              (no ring)

@: no status effects
A: fangs 3, see invisible, unbreathing
a: no special abilities


You were on level 1 of the Dungeon.
You were not thirsty.

You visited 1 branch of the dungeon, and saw 1 of its levels.

You collected 49 gold pieces.

Inventory:

Hand Weapons
 a - a +1 dagger (weapon)
Armour
 b - a +0 robe (worn)
Jewellery
 g - a +2 ring of evasion {unknown}
Scrolls
 e - a scroll of identify {unknown}
Potions
 c - a potion of berserk rage {unknown}
 d - 2 potions of blood
Comestibles
 f - 2 rations


   Skills:
 + Level 1.5 Short Blades
 - Level 2.1 Dodging
 + Level 4.7 Stealth
 - Level 2.0 Spellcasting
 + Level 4.6 Hexes


You had 3 spell levels left.
You knew the following spells:

 Your Spells              Type           Power        Failure   Level  Hunger
a - Corona                Hex            ###....      2%          1    #......

Your spell library contained the following spells:

 Spells                   Type           Power        Failure   Level  Hunger
 Confuse                  Hex            ###.....     9%          3    ###....
 Tukima's Dance           Hex            ###.....     9%          3    ###....
 Ensorcelled Hibernation  Hex/Ice        #.....       11%         2    ###....
 Dazzling Spray           Conj/Hex       #.....       22%         3    ###....


Dungeon Overview and Level Annotations

Branches:
Dungeon (1/15)

Altars:


Innate Abilities, Weirdness & Mutations

You have razor-sharp teeth.
You have supernaturally acute eyesight. (SInv)
You can survive without breathing.


Message History

a potion of blood; a bat skeleton The leopard gecko hisses angrily.
The leopard gecko bites you.
You hit the leopard gecko.
The leopard gecko is lightly wounded.
The leopard gecko bites you but does no damage.
The leopard gecko bites you but does no damage.
The leopard gecko misses you. The leopard gecko bites you.
Casting: Corona (safe; 2% risk of failure)
Confirm with . or Enter, or press ? or * to list all spells.
Aiming: Corona (safe; 2% risk of failure)
Press: ? - help, Shift-Dir - straight line, f - hobgoblin
Aim: a hobgoblin, wielding a +0 club (chance to defeat MR: 71%)
The hobgoblin is outlined in light.
The hobgoblin hits you with a +0 club.
* * * LOW HITPOINT WARNING * * *
You hit the hobgoblin but do no damage. The hobgoblin misses you.
You hit the hobgoblin.
The hobgoblin is lightly wounded.
The hobgoblin hits you with a +0 club.
You die...

..### ....# ....## .....##
##### ......####### #..(.#
.. .##.........#####..##.#
.# ###...........##..# #.#
.#
..##.............####.##.#
#.##)...........@gl##..#.#
#.##...........###...#.#.#
#.##..........## ###.....#
.......>......#######.#!.#
##.#..............###....#
.#..................##..##
รท...............g........#
#........)####...........#
..........# #####..###..#


You could see a leopard gecko and a hobgoblin.

Vanquished Creatures
  A goblin (D:1)
  A hobgoblin (D:1)
  2 bats (D:1)
  A kobold (D:1)
  4 rats (D:1)
9 creatures vanquished.

Notes
Turn   | Place    | Note
-------+----------+-------------------------------------------
     0 | D:1      | Matador8 the Vampire Enchanter began the quest for the Orb.
     0 | D:1      | Reached XP level 1. HP: 13/13 MP: 3/3
   574 | D:1      | Slain by a hobgoblin

Vault maps used:
D:1:      minmay_arrival_checkered_box

Action                   || total
-------------------------++-------
Melee: Dagger            ||    28
       Bite              ||     1
 Cast: Corona            ||     5
 Stab: Sleeping          ||     3
Armor: Robe              ||     5
Dodge: Dodged            ||    14

Table legend:
 A = Non-vault XP
 B = Vault XP
 C = Vault XP percentage of total XP
 D = Non-vault monster count
 E = Vault monster count
 F = Vault count percentage of total count
                 A         B        C        D         E       F
            +---------+---------+-------+---------+---------+-------
      Total |      11 |       0 |   0.0 |       9 |       0 |   0.0
            +---------+---------+-------+---------+---------+-------
        D:1 |      11 |       0 |   0.0 |       9 |       0 |   0.0
            +---------+---------+-------+---------+---------+-------
